 Dungeon Crawl Stone Soup version 0.31-a0-145-g046c7d2549 (webtiles) character file.

Game seed: 7896489635686250101

7806 erloom the Thaumaturge (level 11, 0/76 HPs)
             Began as a Djinni Fire Elementalist on June 4, 2023.
             Was a Follower of Makhleb.
             Slain by a flying skull (2 damage)
             ... in a Gauntlet.
             The game lasted 00:38:55 (7957 turns).

erloom the Thaumaturge (Djinni Fire Elementalist)   Turns: 7957, Time: 00:38:57

Health: 0/76       AC:  9    Str:  7    XL:     11   Next: 44%
Gold:   265        EV: 13    Int: 18    God:    Makhleb [*.....] SH:  0 Dex: 17

rFire   + + +        r - +5 long sword (freeze)
rCold   . . .        (no shield)
rNeg    . . .        G - +0 steam dragon scales
rPois   ∞            (no helmet)
rElec   +            (no cloak)
rCorr   +            (no gloves)
SInv    .            (boots unavailable)
Will    +....        l - amulet of regeneration
Stlth   +            s - +4 ring of protection
HPRegen 1.12/turn    F - ring of wizardry
MPRegen 0.00/turn

%: no teleportation, wizardry (x1), infuse magic (-1 HP)
@: confused, resistant, ambrosia-drunk, flying, unable to read
A: sickness immunity, fire resistance 2, cold vulnerability 1, float, innate
caster, HP casting, extra vitality 1, inability to read after injury 2
a: Renounce Religion


You were in a Gauntlet.
You worshipped Makhleb.
Makhleb was aware of your devotion.
You visited 3 branches of the dungeon, and saw 10 of its levels.
You also visited: Ossuary and Gauntlet.

You collected 420 gold pieces.
You spent 155 gold pieces at shops.

Inventory:

Hand Weapons
 j - a +3 heavy long sword
 r - a +5 long sword of freezing (weapon)
 D - a +1 mace of freezing
 J - a +0 short sword of venom
 M - a +3 great sword
Missiles
 C - 2 throwing nets
Armour
 a - a +0 robe
 G - +0 steam dragon scales (worn)
 Q - the +2 helmet of Lethargy {Dex+7}
   (You found it in a Gauntlet)

   Dex:       It affects your dexterity (+7).
Jewellery
 l - an amulet of regeneration (around neck)
 p - an amulet of reflection
 s - a +4 ring of protection (left hand)
 B - a ring of positive energy
 F - a ring of wizardry (right hand)
 L - a +6 ring of intelligence
Wands
 H - a wand of quicksilver (9)
 K - a wand of charming (12)
Scrolls
 c - 3 scrolls of teleportation
 m - 3 scrolls of butterflies
 n - 5 scrolls of poison
 q - 2 scrolls of amnesia
 t - 2 scrolls of fear
 u - 2 scrolls of magic mapping
 y - 2 scrolls of enchant armour
 E - 2 scrolls of fog
 I - a scroll of immolation {unknown}
 N - a scroll of vulnerability {unknown}
 O - 2 scrolls of identify
Potions
 b - a potion of haste
 d - 2 potions of resistance
 e - a potion of berserk rage
 f - 3 potions of degeneration
 h - 6 potions of brilliance
 i - a potion of might {unknown}
 k - 2 potions of cancellation {unknown}
 o - 4 potions of curing
 v - a potion of ambrosia
 w - a potion of enlightenment
 x - 2 potions of attraction {unknown}
 z - 2 potions of lignification {unknown}
 A - a potion of invisibility {unknown}
 P - a potion of mutation


   Skills:
 - Level 6.0 Fighting
 - Level 5.0 Long Blades
 - Level 3.0 Dodging
 - Level 3.0 Stealth
 + Level 10.8 Spellcasting
 + Level 10.8 Conjurations
 + Level 10.8 Hexes
 + Level 10.8 Summonings
 + Level 10.8 Necromancy
 + Level 10.8 Translocations
 + Level 10.8 Transmutations
 + Level 10.8 Fire Magic
 + Level 10.8 Ice Magic
 + Level 10.8 Air Magic
 + Level 10.8 Earth Magic
 + Level 10.8 Poison Magic
 - Level 4.0 Invocations


You knew the following spells:

 Your Spells              Type           Power      Damage    Failure   Level
a - Foxfire               Conj/Fire      100%       2x1d9     1%          1
b - Scorch                Fire           98%        2d9       1%          2
c - Volatile Blastmotes   Fire/Tloc      98%        2d18      1%          3
d - Inner Flame           Hex/Fire       49%        N/A       1%          3
e - Flame Wave            Conj/Fire      49%        2d12      1%          4
f - Shock                 Conj/Air       100%       1d9       1%          1
g - Momentum Strike       Conj/Tloc      98%        3d10      1%          2
h - Call Imp              Summ           98%        N/A       1%          2
i - Summon Lightning Spi  Summ/Air       49%        N/A       1%          4
j - Anguish               Hex/Necr       24%        N/A       1%          4
Your spell library was empty.

Dungeon Overview and Level Annotations

Branches:
Dungeon (8/15)             Temple (1/1) D:7            Lair (1/5) D:8
Ossuary (visited)         Gauntlet (1/1)

Altars:
Ashenzari
Dithmenos
Elyvilon
Fedhas
Hepliaklqana
Makhleb
Nemelex Xobeh
Qazlal
Ru
Trog
Uskayaw
Wu Jian
Xom
Yredelemnul
The Shining One

Shops:
D:3 [(=?   D:4 :

Annotations:
Gauntlet 9 transporters, 3 runed translucent doors


Innate Abilities, Weirdness & Mutations

You are immune to sickness and miasma.
You are immune to poison.
Your flesh is very heat resistant. (rF++)
You are vulnerable to cold. (rC-)
You float through the air rather than walking.
You learn spells naturally, not from books.
Your magical power is your life essence.
You have superior vitality. (+4 MHP)
You sometimes lose the ability to read scrolls when taking damage.


Message History

You destroy the flying skull!
Makhleb accepts your kill. (Press . to intensify the flame waves.)
* * * LOW HITPOINT WARNING * * *
The flying skull explodes!
The fiery explosion engulfs the flying skull.
The flying skull resists.
The flying skull is lightly damaged.
The fiery explosion engulfs the flying skull!
The flying skull resists.
You destroy the flying skull!
Makhleb accepts your kill.
The fiery explosion engulfs the flying skull!!
The flying skull resists.
You destroy the flying skull!
Makhleb accepts your kill.
You feel better. The fiery explosion engulfs you. You resist.
* * * LOW HITPOINT WARNING * * *
You are engulfed in blazing flames.
You resist.
* * * LOW HITPOINT WARNING * * *
The flying skull hits you.
* * * LOW HITPOINT WARNING * * *
The flying skull hits your lightning spire but does no damage.
Unknown command.
Unknown command.
Unknown command.
Unknown command.
Unknown command.
Unknown command.
Unknown command.
Unknown command.
Unknown command.
You are confused.
You feel invigorated.
You are engulfed in blazing flames.
You resist.
* * * LOW HITPOINT WARNING * * *
The flying skull is engulfed in blazing flames.
The flying skull hits you.
* * * LOW HITPOINT WARNING * * *
The flying skull hits you.
You die...

##≈......#..^#G#©#......P.
##.P♣.#############...♣..
##≈....#©....©....©#......
#≈≈.###################.##
##≈.###..z..#.#.......#.#.
##.###.###z#.#.####..#.##
##≈.#.#z.##8#.#.#...#.#.##
#≈≈.#..zzz§z#.#.#.©.#.#.#Z
##≈.#.##z@#.#.#.#...#.#.##
##.#.###z###.#..####.#.#Z
##≈.#zzz©$###.#.[:©.(.#.#B
#≈≈.#########.#########.##
##≈.......................
##.P♣P..♣..P♣..P♣P.......
#≈................P...∩..
#≈≈≈#≈≈≈#≈≈≈#≈≈≈#..♣P.....
##≈###≈###≈###≈###........


You could see 8 flying skulls and a friendly lightning spire (summoned).

Vanquished Creatures
  2 cane toads (Lair:1)
  A komodo dragon (Lair:1)
  A hornet (D:8)
  A polar bear (Lair:1)
  A blink frog (Lair:1)
  4 flying skulls (Gauntlet)
  A wraith (Ossuary)
  2 wyverns (D:8)
  A yak (D:8)
  A golden eye (Gauntlet)
  2 steam dragons
  A floating eye (Gauntlet)
  Duvessa (D:7)
  3 ice beasts
  3 sky beasts
  4 black bears
  2 wolves (Lair:1)
  A centaur (D:8)
  An ogre (D:5)
  4 phantoms
  A kobold brigand (D:8)
  6 bullfrogs
  11 wights
  Dowan (D:7)
  4 killer bees (D:8)
  An orc priest (D:4)
  A jelly (D:5)
  4 hounds
  An iguana (D:6)
  A scorpion zombie (D:4)
  A mummy (Ossuary)
  8 gnolls
  10 adders
  A shadow imp (D:7)
  2 white imps
  An ufetubus (D:6)
  An adder skeleton (D:4)
  2 adder zombies (D:4)
  4 worms
  2 dart slugs
  7 orcs
  11 ball pythons
  6 bats
  An endoplasm (D:1)
  4 giant cockroaches
  6 hobgoblins
  2 quokkas
  3 frilled lizards
  4 gnoll skeletons (Ossuary)
  7 goblins
  7 kobolds
  8 kobold skeletons (Ossuary)
  13 orc skeletons (Ossuary)
  A quokka zombie (D:4)
  5 rats
185 creatures vanquished.

Vanquished Creatures (collateral kills)
  A cane toad (Lair:1)
  2 blink frogs (Lair:1)
  A golden eye (Gauntlet)
  A steam dragon (D:6)
  An orc warrior (D:7)
  A wolf (Lair:1)
  2 wights (D:8)
  A killer bee (D:8)
  A hound (D:6)
  An orc wizard (D:6)
  A hound skeleton (D:4)
  2 orcs
  5 foxfires
20 creatures vanquished.

Vanquished Creatures (others)
  534 foxfires
534 creatures vanquished.

Grand Total: 739 creatures vanquished

Notes
Turn   | Place    | Note
-------+----------+-------------------------------------------
     0 | D:1      | erloom the Djinni Fire Elementalist began the quest for the
                  | Orb.
     0 | D:1      | erloom set off with the following spells memorised:
                  | Foxfire, Scorch, Volatile Blastmotes, Inner Flame, Flame
                  | Wave.
     0 | D:1      | Reached XP level 1. HP: 15/15 MP: 0/0
    99 | D:1      | Reached XP level 2. HP: 12/21 MP: 0/0
   407 | D:1      | Reached XP level 3. HP: 20/25 MP: 0/0
   407 | D:1      | Learned a level 1 spell: Shock
   848 | D:2      | Reached XP level 4. HP: 17/31 MP: 0/0
  1606 | D:2      | Reached XP level 5. HP: 32/35 MP: 0/0
  1606 | D:2      | Learned a level 2 spell: Momentum Strike
  1949 | D:3      | Found Tiplixt's Jewellery Shoppe.
  2055 | D:3      | Found Gutial's Armour Boutique.
  2274 | D:3      | Found Vunit's Weapon Boutique.
  2423 | D:3      | Found a blossoming altar of Fedhas.
  2446 | D:3      | Found a hazy altar of Hepliaklqana.
  2581 | D:3      | Found a stormy altar of Qazlal.
  2583 | D:3      | Found Ixotuficw's Magic Scroll Shop.
  2587 | D:3      | Bought a scroll of identify for 20 gold pieces
  2587 | D:3      | Bought a scroll of identify for 20 gold pieces
  2587 | D:3      | Bought a scroll of identify for 20 gold pieces
  2759 | D:4      | Found a glowing golden altar of the Shining One.
  2910 | D:4      | Noticed a phantom
  2981 | D:5      | Entered Level 5 of the Dungeon
  3014 | D:5      | Found a sand-covered staircase.
  3023 | Ossuary  | Entered an ossuary
  3023 | Ossuary  | Noticed a wraith
  3023 | Ossuary  | Noticed a wraith
  3023 | Ossuary  | Noticed a wraith
  3089 | Ossuary  | Noticed a wraith
  3123 | Ossuary  | Killed a wraith
  3124 | Ossuary  | Reached skill level 5 in Spellcasting
  3124 | Ossuary  | Reached skill level 5 in Conjurations
  3124 | Ossuary  | Reached skill level 5 in Hexes
  3124 | Ossuary  | Reached skill level 5 in Summonings
  3124 | Ossuary  | Reached skill level 5 in Necromancy
  3124 | Ossuary  | Reached skill level 5 in Translocations
  3124 | Ossuary  | Reached skill level 5 in Transmutations
  3124 | Ossuary  | Reached skill level 5 in Fire Magic
  3124 | Ossuary  | Reached skill level 5 in Ice Magic
  3124 | Ossuary  | Reached skill level 5 in Air Magic
  3124 | Ossuary  | Reached skill level 5 in Earth Magic
  3124 | Ossuary  | Reached skill level 5 in Poison Magic
  3124 | Ossuary  | Reached XP level 6. HP: 39/40 MP: 0/0
  3372 | D:4      | Found Kesok's Book Shop.
  3397 | D:4      | Reached XP level 7. HP: 45/45 MP: 0/0
  3397 | D:4      | Learned a level 2 spell: Call Imp
  3868 | D:5      | Reached skill level 1 in Fighting
  3895 | D:5      | Reached XP level 8. HP: 52/52 MP: 0/0
  4719 | D:6      | Reached XP level 9. HP: 62/62 MP: 0/0
  4719 | D:6      | Learned a level 4 spell: Summon Lightning Spire
  5597 | D:7      | Found a staircase to the Ecumenical Temple.
  5606 | Temple   | Entered the Ecumenical Temple
  5618 | Temple   | Became a worshipper of Makhleb the Destroyer
  5926 | D:7      | Found a shimmering altar of Xom.
  5961 | D:7      | Noticed Duvessa
  5961 | D:7      | Noticed Dowan
  5974 | D:7      | Killed Dowan
  5983 | D:7      | Killed Duvessa
  5984 | D:7      | Reached skill level 1 in Invocations
  6038 | D:7      | Found a hide-covered altar of Uskayaw.
  6484 | D:3      | Bought a scroll of brand weapon for 95 gold pieces
  6629 | D:8      | Found a staircase to the Lair.
  6715 | D:8      | Reached XP level 10. HP: 68/69 MP: 0/0
  6798 | D:8      | Reached skill level 1 in Long Blades
  6820 | D:8      | Reached skill level 5 in Fighting
  7095 | D:8      | Reached * piety under Makhleb
  7267 | D:8      | Found a sacrificial altar of Ru.
  7474 | Lair:1   | Entered Level 1 of the Lair of Beasts
  7474 | Lair:1   | Noticed a cane toad
  7478 | Lair:1   | Killed a cane toad
  7502 | Lair:1   | Reached XP level 11. HP: 56/76 MP: 0/0
  7502 | Lair:1   | Learned a level 4 spell: Anguish
  7509 | Lair:1   | Reached skill level 5 in Long Blades
  7509 | Lair:1   | Reached skill level 10 in Spellcasting
  7509 | Lair:1   | Reached skill level 10 in Conjurations
  7509 | Lair:1   | Reached skill level 10 in Hexes
  7509 | Lair:1   | Reached skill level 10 in Summonings
  7509 | Lair:1   | Reached skill level 10 in Necromancy
  7509 | Lair:1   | Reached skill level 10 in Translocations
  7509 | Lair:1   | Reached skill level 10 in Transmutations
  7509 | Lair:1   | Reached skill level 10 in Fire Magic
  7509 | Lair:1   | Reached skill level 10 in Ice Magic
  7509 | Lair:1   | Reached skill level 10 in Air Magic
  7509 | Lair:1   | Reached skill level 10 in Earth Magic
  7509 | Lair:1   | Reached skill level 10 in Poison Magic
  7578 | Lair:1   | Found a gate leading to a gauntlet.
  7590 | Gauntlet | Entered a Gauntlet
  7590 | Gauntlet | Noticed a shining eye
  7590 | Gauntlet | Found a transporter.
  7598 | Gauntlet | Found a transporter.
  7599 | Gauntlet | Found a transporter.
  7610 | Gauntlet | Found a runed translucent gate.
  7610 | Gauntlet | Found a runed translucent gate.
  7610 | Gauntlet | Found a runed translucent gate.
  7613 | Gauntlet | Found a transporter.
  7615 | Gauntlet | Found a transporter.
  7618 | Gauntlet | Noticed a wretched star
  7625 | Gauntlet | Found a transporter.
  7638 | Gauntlet | Noticed a spectral death yak
  7638 | Gauntlet | Noticed a death scarab
  7640 | Gauntlet | Found a transporter.
  7643 | Gauntlet | Noticed a death scarab
  7650 | Gauntlet | Found a transporter.
  7657 | Gauntlet | Found a transporter.
  7658 | Gauntlet | Noticed a green death
  7659 | Gauntlet | Found a transporter.
  7660 | Gauntlet | Found a transporter.
  7669 | Gauntlet | Found a transporter.
  7701 | Gauntlet | Found a transporter.
  7720 | Gauntlet | Found a transporter.
  7880 | Gauntlet | Gained mutation: You occasionally lose the ability to read
                  | scrolls when taking damage. [a shining eye]
  7883 | Gauntlet | Gained mutation: You sometimes lose the ability to read
                  | scrolls when taking damage. [a shining eye]
  7889 | Gauntlet | Identified the +2 helmet of Lethargy {Dex+7}
  7957 | Gauntlet | HP: 1/76 [cloud of flame (4)]
  7957 | Gauntlet | Slain by a flying skull

Illustrated notes

Levels and vault maps discovered:
D:1:      psy_arrival_conway, layout_rooms, amcnicky_mini_pool_small,
          minmay_misc_feat_encased
D:2:      layout_loops_corners, palyth_stone_intersect
D:3:      layout_basic, grunt_temple_overflow_forces_of_nature,
          mainiacjoe_overflow_surrounded_room, serial_shops,
          nicolae_shop_advertising_works [nicolae_subvault_shop_adworks],
          nicolae_shop_window_shopping, shop, nicolae_shop_tiny_waterfront
D:4:      layout_gridville, nicolae_tso_carved_into_rock, serial_shops,
          nicolae_book_shop_shelving, serial_undead, serial_undead_b,
          serial_undead_b, serial_undead_d, serial_undead_a
D:5:      layout_basic, nicolae_ossuary_entry_ruins
D:6:      layout_basic
D:7:      layout_gridville, mainiacjoe_overflow_catwalk,
          mainiacjoe_overflow_large_starburst, minmay_temple_entry_ruins,
          uniq_duvessa
D:8:      layout_loops_cross, nicolae_ru_path_of_blood, david_lair_generic
Temple:   eino_temple_lava
Lair:1:   layout_misc_corridors, gauntlet_entry_generic, fungi_pond_lemuel,
          serial_bayou_shore_a
Gauntlet: minmay_gauntlet_77_tree [minmay_gauntlet_arena_77_mess,
          minmay_gauntlet_arena_77_radiant_squares,
          minmay_gauntlet_arena_77_run_for_it,
          minmay_gauntlet_arena_77_p_blocks, minmay_gauntlet_arena_77_box,
          minmay_gauntlet_arena_77_tiled_triplets,
          minmay_gauntlet_arena_77_checkered, gauntlet_exit_green]

Skill      XL: |  1  2  3  4  5  6  7  8  9 10 11 |
---------------+----------------------------------+-----
Spellcasting   | 5 6 7 9 10 | 10.8
Conjurations   | 5 6 7 9 10 | 10.8
Hexes          | 5 6 7 9 10 | 10.8
Summonings     | 5 6 7 9 10 | 10.8
Necromancy     | 5 6 7 9 10 | 10.8
Translocations | 5 6 7 9 10 | 10.8
Transmutations | 5 6 7 9 10 | 10.8
Fire Magic     | 5 6 7 9 10 | 10.8
Ice Magic      | 5 6 7 9 10 | 10.8
Air Magic      | 5 6 7 9 10 | 10.8
Earth Magic    | 5 6 7 9 10 | 10.8
Poison Magic   | 5 6 7 9 10 | 10.8
Stealth        | 2 3 |  3.0
Dodging        | 3 |  3.0
Fighting       | 1 4 6 |  6.0
Invocations    | 1 4 |  4.0
Long Blades    | 4 5 |  5.0

Action                     |  1- 3 |  4- 6 |  7- 9 | 10-12 || total
---------------------------+-------+-------+-------+-------++-------
  Melee: Unarmed           |     1 |       |       |       ||     1
         Long sword        |       |       |     5 |    15 ||    20
   Cast: Foxfire           |    46 |    64 |   162 |    61 ||   333
         Scorch            |     6 |    18 |    22 |    23 ||    69
         Shock             |       |    36 |     9 |     6 ||    51
         Volatile Blastmot |       |     3 |    12 |     6 ||    21
         Inner Flame       |       |     2 |     2 |     4 ||     8
         Call Imp          |       |       |     9 |     2 ||    11
         Summon Lightning  |       |       |     5 |     7 ||    12
         Flame Wave        |       |       |     1 |     7 ||     8
    Use: Scroll            |       |    12 |    10 |     2 ||    24
         Potion            |       |       |       |     9 ||     9
   Stab: Sleeping          |       |       |       |     1 ||     1
 Armour: Robe              |     6 |     7 |    12 |       ||    25
         Steam dragon scal |       |       |       |    38 ||    38
  Dodge: Dodged            |    17 |    11 |    30 |    96 ||   154

Table legend: (Time is in decaauts)
 A = Elapsed time spent in this place.
 B = Non-inter-level travel time spent in this place.
 C = Inter-level travel time spent in this place.
 D = Time resting spent in this place.
 E = Time spent auto-exploring this place.
 F = Levels seen in this place.
 G = Mean time per level.
                   A        B        C        D        E       F      G
               +--------+--------+--------+--------+--------+-----+--------+
         Total |   7972 |   7450 |    522 |    143 |   5108 |  12 |  664.3 |
       Dungeon |   7211 |   6689 |    522 |     81 |   5003 |   8 |  901.4 |
        Temple |     21 |     21 |      0 |      0 |      0 |   1 |   21.0 |
          Lair |    116 |    116 |      0 |     42 |      0 |   1 |  116.0 |
       Ossuary |    255 |    255 |      0 |      0 |    105 |   1 |  255.0 |
      Gauntlet |    367 |    367 |      0 |     20 |      0 |   1 |  367.0 |
               +--------+--------+--------+--------+--------+-----+--------+

Top non-repeatable levels by time:
     D:2: 1134 daAuts
     D:6: 979 daAuts
     D:7: 897 daAuts
     D:5: 888 daAuts
     D:4: 865 daAuts
     D:8: 863 daAuts
     D:1: 813 daAuts
     D:3: 768 daAuts
Gauntlet: 367 daAuts
 Ossuary: 255 daAuts
  Lair:1: 116 daAuts
  Temple: 21 daAuts
